 Dungeon Crawl Stone Soup version 0.22-a0-617-g6d95e9e (webtiles) character file.

259 Hebeh the Magician (level 5, -6/28 HPs)
             Began as a Deep Elf Fire Elementalist on July 12, 2018.
             Mangled by an orc
             ... wielding a +0 flail
              (7 damage)
             ... on level 2 of the Dungeon.
             The game lasted 00:11:38 (3488 turns).

Hebeh the Magician (Deep Elf Fire Elementalist)     Turns: 3488, Time: 00:11:39

Health: -6/28      AC:  4    Str:  5    XL:     5   Next: 94%
Magic:  9/14       EV: 13    Int: 21    God:
Gold:   46         SH:  0    Dex: 15    Spells: 4/13 levels left

rFire    . . .     SeeInvis .   j - +0 spear
rCold    . . .     Gourm    .   (no shield)
rNeg     . . .     Faith    .   a - +0 robe
rPois    .         Spirit   .   (no helmet)
rElec    .         Reflect  .   h - +0 cloak
rCorr    .         Harm     .   (no gloves)
MR       .....                  i - +0 pair of boots (curse)
Stlth    ++........             (no amulet)
HPRegen  0.09/turn              l - ring of wizardry
MPRegen  0.14/turn              (no ring)

@: very slightly contaminated
A: no striking features
a: no special abilities


You were on level 2 of the Dungeon.
You were not hungry.

You visited 1 branch of the dungeon, and saw 3 of its levels.

You collected 46 gold pieces.

Inventory:

Hand Weapons
 j - a +0 spear (weapon)
Missiles
 b - 15 arrows
 d - 137 stones
 g - 6 tomahawks (quivered)
Armour
 a - a +0 robe (worn)
 h - a +0 cloak (worn)
 i - a cursed +0 pair of boots (worn)
Jewellery
 l - a ring of wizardry (left hand)
Scrolls
 e - a scroll of identify {unknown}
Potions
 f - 3 potions of curing {unknown}
 k - a potion of heal wounds {unknown}
 m - a potion of agility
Comestibles
 c - 2 rations


   Skills:
 - Level 2.4 Dodging
 - Level 2.4 Stealth
 + Level 4.9 Spellcasting
 * Level 4.6 Conjurations
 + Level 4.6 Fire Magic


You had 4 spell levels left.
You knew the following spells:

 Your Spells              Type           Power        Failure   Level  Hunger
a - Flame Tongue          Conj/Fire      ###..        1%          1    None
b - Throw Flame           Conj/Fire      ###...       1%          2    None
c - Conjure Flame         Conj/Fire      ###.....     1%          3    ##.....
d - Inner Flame           Hex/Fire       ##......     5%          3    ##.....

Your spell library contained the following spells:

 Spells                   Type           Power        Failure   Level  Hunger
 Fireball                 Conj/Fire      ###.......   17%         5    #####..
 Sticky Flame             Conj/Fire      ###.....     6%          4    ####...


Dungeon Overview and Level Annotations

Branches:
Dungeon (3/15)

Altars:
Dithmenos


Message History

The flame tongue hits the orc.
The orc appears unharmed.
The orc hits you with a short sword.
Casting: Flame Tongue (safe; 1% risk of failure)
Confirm with . or Enter, or press ? or * to list all spells.
Aiming: Flame Tongue (safe; 1% risk of failure)
Press: ? - help, Shift-Dir - straight line, f/p - orc
Aim: an orc, wielding a flail and wearing a chain mail The flame tongue misses the orc.
The orc hits you with a flail. The orc hits you with a flail!
* * * LOW HITPOINT WARNING * * *
The orc barely misses you.
Casting: Flame Tongue (safe; 1% risk of failure)
Confirm with . or Enter, or press ? or * to list all spells.
Aiming: Flame Tongue (safe; 1% risk of failure)
Press: ? - help, Shift-Dir - straight line, f/p - orc
Aim: an orc, wielding a flail and wearing a chain mail The flame tongue hits the orc.
The orc is heavily wounded.
The orc hits you with a flail!
You die...

#..#
#.......##....§§§§._.§.
##.#
#.......##....§§#.#§#[#
#.#
#.......###.###..#§§§##
#.# #.......# #.#
##..#§## #.# #..#.#..#
#.# ##...# #.###.##.##.#
#.# ##### ####
#.....##.##.# #.# ...#
####..##.##o# #.# # ##.#
#......@o###.# # ##.#
#.....o......# # ##.#
#..##.##.##### ### ##.#
#.....##.# #.. ##.##
##.##.##.#############.#
....#
#.##.##.##............#
###.#
#.......##.####.)######
###.##### ###...####.#
#..# # #.......#
#...####.#####.#


You could see 3 orcs.

Vanquished Creatures
  A phantom (D:1)
  Crazy Yiuf (D:2)
  Natasha (thrice) (D:2)
  2 adders (D:2)
  A dart slug (D:1)
  4 leopard geckos
  An orc (D:3)
  6 bats
  5 giant cockroaches
  6 hobgoblins
  2 jackals (D:2)
  3 quokkas (D:2)
  5 kobolds
  7 rats
47 creatures vanquished.

Notes
Turn   | Place    | Note
-------+----------+-------------------------------------------
     0 | D:1      | Hebeh the Deep Elf Fire Elementalist began the quest for the Orb.
     0 | D:1      | Reached XP level 1. HP: 10/10 MP: 6/6
    83 | D:1      | Reached XP level 2. HP: 12/15 MP: 4/8
   535 | D:1      | You fall through a shaft!
  1276 | D:1      | Reached XP level 3. HP: 19/19 MP: 7/10
  1443 | D:2      | Noticed a phantom
  1702 | D:1      | Killed a phantom
  1702 | D:1      | Reached XP level 4. HP: 5/24 MP: 0/12
  1956 | D:2      | Learned a level 2 spell: Throw Flame
  1960 | D:2      | Learned a level 3 spell: Conjure Flame
  1964 | D:2      | Learned a level 3 spell: Inner Flame
  2001 | D:2      | Noticed Natasha
  2007 | D:2      | Killed Natasha
  2007 | D:2      | Reached XP level 5. HP: 22/28 MP: 4/13
  2016 | D:2      | Noticed Natasha
  2019 | D:2      | Killed Natasha
  2501 | D:2      | Found a shadowy altar of Dithmenos.
  3036 | D:2      | Found a runed door.
  3081 | D:2      | Noticed Natasha
  3085 | D:2      | Killed Natasha
  3290 | D:2      | Noticed Crazy Yiuf
  3296 | D:2      | Killed Crazy Yiuf
  3487 | D:2      | HP: 1/28 [orc/flail (9)]
  3488 | D:2      | Mangled by an orc

Vault maps used:
D:1:      minmay_arrival_four_houses
D:2:      grunt_dithmenos_smoke_and_mirrors, uniq_natasha,
          uniq_crazy_yiuf_cottage
D:3:      elyvilon_altar_4

Skill      XL: |  1  2  3  4  5 |
---------------+----------------+-----
Conjurations   | 2 3 4 |  4.6
Spellcasting   | 4 |  4.9
Fire Magic     | 4 |  4.6
Dodging        | |  2.4
Stealth        | |  2.4

Action                   |  1- 3 |  4- 6 || total
-------------------------+-------+-------++-------
Melee: Unarmed           |    14 |       ||    14
       Spear             |     3 |    21 ||    24
Throw: Stone             |     4 |     8 ||    12
 Cast: Flame Tongue      |    59 |    42 ||   101
       Throw Flame       |       |    13 ||    13
  Eat: Chunk             |     2 |     1 ||     3
       Ration            |       |     2 ||     2
Armor: Robe              |     4 |     6 ||    10
Dodge: Dodged            |    32 |    26 ||    58

Table legend:
 A = Spawn XP
 B = Non-spawn XP
 C = Spawn XP percentage of total XP
 D = Spawn monster count
 E = Non-spawn monster count
 F = Spawn count percentage of total count
 G = Total turns spent on level
                    A         B        C        D         E        F      G
               +---------+---------+-------+---------+---------+-------+---------
         Total |       0 |     370 |   0.0 |       0 |      47 |   0.0 |  3488
               +---------+---------+-------+---------+---------+-------+---------
           D:1 |       0 |     163 |   0.0 |       0 |      24 |   0.0 |  1839
           D:2 |       0 |     203 |   0.0 |       0 |      21 |   0.0 |  1644
           D:3 |       0 |       4 |   0.0 |       0 |       2 |   0.0 |     5
               +---------+---------+-------+---------+---------+-------+---------
